 Dungeon Sprint DCSS version 0.23.2 (webtiles) character file.

Game seed: 1020166161865468727

5400000 Fang the Conqueror (level 27, -48/320 (323) HPs)
             Began as a Demonspawn Gladiator on Apr 2, 2019.
             Was the Champion of Makhleb.
             Annihilated by a sculptor of flesh
             ... wielding a +9 great sword
              (219 damage)
             ... in the Dungeon (Sprint VIII: "Arena of Blood").
             The game lasted 00:00:49 (54 turns).

Fang the Conqueror (Demonspawn Gladiator)             Turns: 54, Time: 00:00:50

HP:   -48/320 (323) AC: 12    Str: 30    XL:     27
MP:   52/54         EV: 39    Int: 12    God:    Makhleb [******]
Gold: 0             SH:  0    Dex: 20    Spells: 80/80 levels left

rFire    . . .     SeeInvis +   l - +∞ Axe of Woe
rCold    . . .     Gourm    .   (shield currently unavailable)
rNeg     . . .     Faith    .   b - +0 leather armour
rPois    .         Spirit   .   (helmet unavailable)
rElec    .         Reflect  .   (no cloak)
rCorr    .         Harm     .   (no gloves)
MR       ++...     NoTele   +   (no boots)
Stlth    ++++++++++             (no amulet)
HPRegen  0.63/turn              (no ring)
MPRegen  0.34/turn              (no ring)

@: mighty, agile
A: antennae 3, iridescent scales 3, powered by pain 3, robust 3, spiny 3
a: Minor Destruction, Lesser Servant of Makhleb, Major Destruction, Greater
Servant of Makhleb, Renounce Religion


You were in the Dungeon.
You worshipped Makhleb.
Makhleb was exalted by your worship.
You were not hungry.

You visited 1 branch

Inventory:

Hand Weapons
 a - a +0 war axe
 l - the +∞ Axe of Woe (weapon)
   (You found it in the Dungeon)
Missiles
 d - 3 throwing nets (quivered)
Armour
 b - a +0 leather armour (worn)
 c - a +0 helmet
Scrolls
 k - a scroll of blinking
Potions
 e - a potion of curing
 g - a potion of heal wounds
 h - a potion of haste
 i - 2 potions of magic
 j - a potion of berserk rage
Comestibles
 f - a ration


   Skills:
 O Level 27 Fighting
 O Level 27 Axes
 O Level 27 Throwing
 O Level 27 Armour
 O Level 27 Dodging
 O Level 27 Stealth
 O Level 27 Unarmed Combat
 O Level 27 Spellcasting
 O Level 27 Invocations


You had 80 spell levels left.
You didn't know any spells.
Your spell library was empty.

Dungeon Overview and Level Annotations

Branches:
Dungeon (1/1)

Altars:
Makhleb


Innate Abilities, Weirdness & Mutations

You have a pair of large antennae on your head. (SInv)
You are completely covered in iridescent scales. (AC +6)
You are powered by pain.
You are extremely robust. (+30% HP)
You are completely covered in sharp spines.


Message History

You kill the bag of meat!
Makhleb accepts your kill.
You carve the destroyer like a ham!!!
You dissect the destroyer like a pig carcass.
You destroy the destroyer!
Makhleb accepts your kill.
You hear a shout! x2
A bag of meat comes into view. It is wielding a +9 war axe.
You hear a shout! x3
Unknown command.
You hear a shout!
The meat berserker is engulfed in blazing flames.
You hear a shout! x2
The destroyer blinks!
You hear a shout! x2
The sculptor of flesh is engulfed in blazing flames.
The sculptor of flesh is struck by your spines.
The sculptor of flesh hits you with a +9 great sword!!!!! x2
Ouch! That really hurt!
You die...

.......###).......
........_)........
...#).).§#......
.. #_)<)_#......
...#.{)).#......
......._.........
......###)V......
..###...))).###...
. #..☼O☼@.# .
#..○§zz.# {
o....o§§L%... {
.o......%.....#
..O..........#..
...........##...
.#.....%..#% ...
.........#.. ##


You could see a tyrant, a destroyer, 2 sculptors of flesh, 2 meat berserkers and
2 bags of meat.

Vanquished Creatures
  A greater mummy (D)
  11 vampire knights (D)
  14 ogres (D)
  3 two-headed ogres (D)
  30 orcs (D)
  2 skeletal warriors (D)
  A large abomination (D)
  4 small abominations (D)
  3 crawling corpses (D)
69 creatures vanquished.

Vanquished Creatures (others)
  3 crawling corpses (D)
3 creatures vanquished.

Grand Total: 72 creatures vanquished

Notes
Turn   | Place    | Note
-------+----------+-------------------------------------------
     0 | D        | Found the +∞ Axe of Woe
     0 | D        | Fang the Demonspawn Gladiator began the quest for the Orb.
     0 | D        | Reached XP level 1. HP: 16/16 MP: 1/1
     4 | D        | Became a worshipper of Makhleb the Destroyer
     5 | D        | Noticed a bag of meat
     5 | D        | Noticed a bag of meat
     6 | D        | Noticed a bag of meat
     6 | D        | Noticed a bag of meat
     7 | D        | Noticed a bag of meat
     8 | D        | Noticed a meat berserker
     8 | D        | Noticed a bag of meat
     8 | D        | Noticed a bag of meat
     9 | D        | Noticed a bag of meat
     9 | D        | Noticed a meat berserker
    11 | D        | Killed a bag of meat
    11 | D        | Gained mutation: You have a pair of small antennae on your
                  | head. [demonic ancestry]
    11 | D        | Reached XP level 2. HP: 43/43 MP: 2/2
    11 | D        | Gained mutation: You have a pair of antennae on your head.
                  | [demonic ancestry]
    11 | D        | Reached XP level 3. HP: 49/49 MP: 3/3
    11 | D        | Reached XP level 4. HP: 56/56 MP: 4/4
    11 | D        | Gained mutation: You are partially covered in sharp spines.
                  | [demonic ancestry]
    11 | D        | Reached XP level 5. HP: 62/62 MP: 5/5
    11 | D        | Gained mutation: You are partially covered in iridescent
                  | scales. (AC +2) [demonic ancestry]
    11 | D        | Reached XP level 6. HP: 69/69 MP: 6/6
    11 | D        | Reached XP level 7. HP: 75/75 MP: 7/7
    11 | D        | Reached XP level 8. HP: 82/82 MP: 8/8
    11 | D        | Gained mutation: You are mostly covered in iridescent
                  | scales. (AC +4) [demonic ancestry]
    11 | D        | Reached XP level 9. HP: 88/88 MP: 9/9
    11 | D        | Reached XP level 10. HP: 95/95 MP: 10/10
    11 | D        | Gained mutation: You have a pair of large antennae on your
                  | head. (SInv) [demonic ancestry]
    11 | D        | Reached XP level 11. HP: 101/101 MP: 11/11
    12 | D        | Killed a meat berserker
    12 | D        | Reached * piety under Makhleb
    12 | D        | Gained mutation: You are completely covered in iridescent
                  | scales. (AC +6) [demonic ancestry]
    12 | D        | Reached XP level 12. HP: 51/116 MP: 12/12
    12 | D        | Reached XP level 13. HP: 53/122 MP: 13/13
    12 | D        | Killed a bag of meat
    12 | D        | Reached XP level 14. HP: 58/133 MP: 14/14
    12 | D        | Killed a bag of meat
    12 | D        | Noticed a meat berserker
    12 | D        | Noticed a meat berserker
    12 | D        | Noticed a meat berserker
    13 | D        | Killed a bag of meat
    13 | D        | Reached ** piety under Makhleb
    13 | D        | Gained mutation: You sometimes gain a little power by
                  | taking damage. [demonic ancestry]
    13 | D        | Reached XP level 15. HP: 97/144 MP: 15/15
    13 | D        | Noticed a meat berserker
    14 | D        | Killed a meat berserker
    14 | D        | Reached *** piety under Makhleb
    14 | D        | Gained mutation: You sometimes gain power by taking damage.
                  | [demonic ancestry]
    14 | D        | Reached XP level 16. HP: 159/159 MP: 16/16
    15 | D        | Killed a meat berserker
    15 | D        | Reached XP level 17. HP: 169/169 MP: 17/17
    15 | D        | Killed a meat berserker
    15 | D        | Killed a meat berserker
    15 | D        | Reached **** piety under Makhleb
    15 | D        | Reached skill level 27 in Fighting
    15 | D        | Gained mutation: You are mostly covered in sharp spines.
                  | [demonic ancestry]
    15 | D        | Reached XP level 18. HP: 182/182 MP: 18/18
    16 | D        | Killed a meat berserker
    16 | D        | Reached skill level 27 in Axes
    16 | D        | Reached skill level 27 in Throwing
    16 | D        | Reached skill level 27 in Dodging
    18 | D        | Noticed a meat berserker
    20 | D        | Reached skill level 10 in Armour
    20 | D        | Reached skill level 10 in Unarmed Combat
    20 | D        | Reached skill level 10 in Spellcasting
    20 | D        | Reached XP level 19. HP: 189/189 MP: 18/33
    21 | D        | Noticed a large bag of meat
    22 | D        | Killed a meat berserker
    22 | D        | Reached ***** piety under Makhleb
    22 | D        | Reached skill level 15 in Stealth
    22 | D        | Reached skill level 15 in Armour
    22 | D        | Reached skill level 15 in Unarmed Combat
    22 | D        | Reached skill level 15 in Spellcasting
    22 | D        | Noticed a destroyer
    25 | D        | Killed a large bag of meat
    25 | D        | Reached XP level 20. HP: 197/197 MP: 19/42
    27 | D        | Noticed a meat berserker
    28 | D        | Noticed a destroyer
    28 | D        | Noticed a destroyer
    28 | D        | Noticed a destroyer
    30 | D        | Noticed a meat berserker
    30 | D        | Killed a destroyer
    30 | D        | Reached skill level 27 in Invocations
    30 | D        | Gained mutation: You are robust. (+10% HP) [demonic
                  | ancestry]
    30 | D        | Reached XP level 21. HP: 197/224 MP: 34/46
    31 | D        | Noticed a large bag of meat
    32 | D        | Reached ****** piety under Makhleb
    33 | D        | Noticed a large bag of meat
    33 | D        | Noticed a destroyer
    34 | D        | Killed a destroyer
    34 | D        | Reached skill level 27 in Stealth
    34 | D        | Reached XP level 22. HP: 188/233 MP: 47/51
    35 | D        | Reached skill level 27 in Armour
    35 | D        | Reached skill level 27 in Unarmed Combat
    35 | D        | Reached skill level 27 in Spellcasting
    37 | D        | Killed a destroyer
    37 | D        | Gained mutation: You are completely covered in sharp
                  | spines. [demonic ancestry]
    37 | D        | Reached XP level 23. HP: 240/240 MP: 47/54
    37 | D        | Killed a destroyer
    38 | D        | Killed a destroyer
    38 | D        | Reached XP level 24. HP: 249/249 MP: 47/54
    38 | D        | Noticed a destroyer
    38 | D        | Noticed a destroyer
    40 | D        | Killed a destroyer
    40 | D        | Noticed a destroyer
    41 | D        | Gained mutation: You are very robust. (+20% HP) [demonic
                  | ancestry]
    41 | D        | Reached XP level 25. HP: 249/280 MP: 48/54
    42 | D        | Killed a large bag of meat
    42 | D        | Noticed a destroyer
    43 | D        | Noticed a destroyer
    44 | D        | Killed a large bag of meat
    44 | D        | Gained mutation: You are extremely robust. (+30% HP)
                  | [demonic ancestry]
    44 | D        | Reached XP level 26. HP: 280/314 MP: 49/54
    45 | D        | Killed a destroyer
    45 | D        | Killed a destroyer
    45 | D        | Killed a destroyer
    45 | D        | Gained mutation: You are powered by pain. [demonic
                  | ancestry]
    45 | D        | Reached XP level 27. HP: 323/323 MP: 49/54
    48 | D        | Noticed an accursed
    48 | D        | Killed an accursed
    49 | D        | Noticed a tyrant
    49 | D        | Noticed a destroyer
    52 | D        | Noticed a destroyer
    53 | D        | Killed a destroyer
    53 | D        | Killed a destroyer
    54 | D        | Annihilated by a sculptor of flesh

Skill      XL: |  1  2  3  4  5  6  7  8  9 10 11 12 13 14 15 16 17 18 19 20 21 22 |
---------------+-------------------------------------------------------------------+-----
Fighting       | 14 18 19 21 24 25 27 | 27.0
Axes           | 13 17 18 19 22 23 26 27 | 27.0
Throwing       | 13 16 18 19 22 23 26 27 | 27.0
Dodging        | 13 17 18 19 22 23 26 27 | 27.0
Armour         | 10 18 21 25 27 | 27.0
Stealth        | 11 19 22 27 | 27.0
Unarmed Combat | 10 18 21 25 27 | 27.0
Spellcasting   | 10 18 21 25 27 | 27.0
Invocations    | 14 23 27 | 27.0

Action                   |  1- 3 |  4- 6 |  7- 9 | 10-12 | 13-15 | 16-18 | 19-21 | 22-24 | 25-27 || total
-------------------------+-------+-------+-------+-------+-------+-------+-------+-------+-------++-------
Melee: Executioner's axe |     1 |       |       |     1 |     2 |     4 |     7 |     7 |    11 ||    33
Dodge: Dodged            |       |       |       |       |       |       |     1 |       |     1 ||     2
